 Dungeon Crawl Stone Soup version 0.31.0-11-ge490571c62 (webtiles) character file.

Game seed: 17615820524638577367

2 Goblin1989 the Sneak (level 1, -2/18 HPs)
             Began as a Demonspawn Delver on Feb 10, 2024.
             Slain by an orc
             ... wielding a +0 dagger
              (4 damage)
             ... on level 5 of the Dungeon.
             The game lasted 00:00:32 (53 turns).

Goblin1989 the Sneak (Demonspawn Delver)              Turns: 53, Time: 00:00:33

Health: -2/18      AC:  3    Str: 12    XL:     1   Next: 25%
Magic:  1/1        EV: 11    Int: 10    God:
Gold:   26         SH:  0    Dex: 14    Spells: 0/0 levels left

rFire   . . .        a - +0 short sword
rCold   . . .        (no shield)
rNeg    . . .        b - +0 leather armour
rPois   .            (no helmet)
rElec   .            (no cloak)
rCorr   .            (no gloves)
SInv    .            (no boots)
Will    .....        (no amulet)
Stlth   ++           (no ring)
HPRegen 0.23/turn    (no ring)
MPRegen 0.07/turn

%: no passive effects
@: no status effects
A: no striking features
a: no special abilities


You were on level 5 of the Dungeon.
You visited 1 branch of the dungeon, and saw 1 of its levels.

You collected 26 gold pieces.

Inventory:

Hand Weapons
 a - a +0 short sword (weapon)
Armour
 b - a +0 leather armour (worn)
Wands
 g - a wand of digging (3) {@v3}
Scrolls
 c - a scroll of fog
 d - a scroll of revelation
 e - a scroll of fear
Potions
 f - a potion of haste {@q3,}


   Skills:
 + Level 3.1 Fighting
 - Level 1.7 Short Blades
 - Level 1.7 Dodging
 - Level 4.5 Stealth


You couldn't memorise any spells.
You didn't know any spells.
Your spell library was empty.

Dungeon Overview and Level Annotations

Branches:
Dungeon (5/15) Zot: 5947
 Temple: D:4-7

Altars:


Message History

Bad monster_list_colour key: strict_neutral Options error: Unknown explore stop condition 'gates' (Goblin1989.rc:83) Welcome, Goblin1989 the Demonspawn Delver.
The fabulous Orb of Zot lies far below, as if waiting for you to find it.
Press ? for a list of commands and other information.
Found 26 gold pieces.
Found a stone staircase leading down.
Found a sling.
You now have 13 gold pieces.
You now have 26 gold pieces (gained 13).
An orc wizard comes into view. It is wielding a +0 dagger.
Unknown command.
There is a stone staircase leading down here.
Found a stone staircase leading down.
Found 9 gold pieces. 2 orcs come into view.
The orc shouts! x2; You hear a shout!
You start waiting.
An orc is nearby!
The orc hits you with a +0 dagger.
You take 4 damage, and have 14/18 hp.
MASSIVE DAMAGE!!
You barely miss the orc. The orc barely misses you.
You hit the orc but do no damage. The orc barely misses you.
You closely miss the orc. The orc completely misses you.
You hit the orc.
The orc is lightly wounded.
The orc closely misses you.
You hit the orc.
The orc is severely wounded.
The orc hits you with a +0 club.
You closely miss the orc.
The orc is severely wounded.
The orc hits you with a +0 club.
You take 3 damage, and have 12/18 hp.
You hit the orc but do no damage.
The orc is severely wounded.
You barely miss the orc. The orc hits you with a +0 club.
The orc hits you with a +0 dagger.
* * * LOW HITPOINT WARNING * * *
You take 6 damage, and have 6/18 hp.
MASSIVE DAMAGE!!
You hit the orc.
You kill the orc!
The orc closely misses you.
You hit the orc.
The orc is lightly wounded.
The orc hits you but does no damage.
Unknown command.
You hit the orc but do no damage.
The orc is lightly wounded.
You hit the orc.
The orc is moderately wounded.
The orc hits you with a +0 dagger.
* * * LOW HITPOINT WARNING * * *
You take 3 damage, and have 4/18 hp.
You closely miss the orc.
The orc is moderately wounded.
The orc closely misses you.
You hit the orc but do no damage.
The orc is moderately wounded.
The orc hits you with a +0 dagger.
* * * LOW HITPOINT WARNING * * *
You take 1 damage, and have 3/18 hp.
You hit the orc but do no damage.
The orc is moderately wounded.
The orc hits you with a +0 dagger.
* * * LOW HITPOINT WARNING * * *
You take 2 damage, and have 1/18 hp.
You closely miss the orc.
The orc is moderately wounded.
The orc hits you but does no damage.
You hit the orc but do no damage.
The orc is moderately wounded.
The orc hits you but does no damage.
You hit the orc but do no damage.
The orc is moderately wounded.
The orc hits you but does no damage.
You barely miss the orc.
The orc is moderately wounded.
The orc hits you with a +0 dagger.
You die...

█.........
██.........
██.>..████..
█...███ .
███...███
██...█...█ ███
██...██...█ █...
█..)o.██..██....
..
███@█.........█
..█
███.......████.██
█.........█.o...
█...............
██..............
█..............█
██....██.......█
█...███.██$...█
████. ..> ....


You could see an orc.

Vanquished Creatures
  An orc (D:5)
1 creature vanquished.

Notes
Turn   | Place    | Note
-------+----------+-------------------------------------------
     0 | D:5      | Goblin1989 the Demonspawn Delver began the quest for the
                  | Orb.
     0 | D:5      | Reached XP level 1. HP: 18/18 MP: 1/1
     5 | D:5      | Noticed an orc wizard
    53 | D:5      | Slain by an orc

Illustrated notes

Levels and vault maps discovered:
D:5:      layout_cave_pools, minmay_ogre_servants, uniq_sigmund

Action                     || total
---------------------------++-------
  Melee: Short sword       ||    19
 Armour: Leather armour    ||    13
  Dodge: Dodged            ||     6
